 Dungeon Crawl Stone Soup version 0.23.2-33-g5129a83184 (webtiles) character file.

Game seed: 18082937080598952050

109 lepoulpe303 the Conjurer (level 4, -5/25 HPs)
             Began as a Deep Elf Conjurer on July 9, 2019.
             Slain by a gnoll
             ... wielding a +0 flail
              (12 damage)
             ... on level 2 of the Dungeon on July 11, 2019.
             The game lasted 00:15:01 (1723 turns).

lepoulpe303 the Conjurer (Deep Elf Conjurer)        Turns: 1723, Time: 00:15:02

Health: -5/25      AC:  2    Str:  5    XL:     4   Next: 59%
Magic:  3/12       EV: 13    Int: 21    God:
Gold:   52         SH:  0    Dex: 15    Spells: 1/11 levels left

rFire    . . .     SeeInvis .   a - +0 dagger
rCold    . . .     Gourm    .   (no shield)
rNeg     . . .     Faith    .   f - +0 robe
rPois    .         Spirit   .   (no helmet)
rElec    .         Reflect  .   (no cloak)
rCorr    .         Harm     .   (no gloves)
MR       .....                  (no boots)
Stlth    ++........             (no amulet)
HPRegen  0.08/turn              (no ring)
MPRegen  0.13/turn              (no ring)

@: very slightly contaminated
A: no striking features
a: no special abilities


You were on level 2 of the Dungeon.
You were not hungry.

You visited 1 branch of the dungeon, and saw 2 of its levels.

You collected 52 gold pieces.

Inventory:

Hand Weapons
 a - a +0 dagger (weapon)
Missiles
 d - 35 poisoned needles
 Q - 39 stones (quivered)
Armour
 f - a +0 robe (worn)
Scrolls
 b - a scroll of teleportation {unknown}
 c - a scroll of enchant armour {unknown}
 g - a scroll of immolation {unknown}
 h - a scroll of fog {unknown}
 j - a scroll of enchant weapon {unknown}
Potions
 i - a potion of heal wounds {unknown}
Comestibles
 e - 2 rations
 k - 5 chunks of flesh


   Skills:
 + Level 1.2 Fighting
 + Level 0.8 Short Blades
 + Level 3.0 Dodging
 + Level 3.2 Stealth
 * Level 4.1 Spellcasting
 * Level 5.0 Conjurations


You had one spell level left.
You knew the following spells:

 Your Spells              Type           Power        Failure   Level  Hunger
a - Magic Dart            Conj           ####         1%          1    None
b - Searing Ray           Conj           ####..       2%          2    #......
c - Dazzling Spray        Conj/Hex       ##....       13%         3    ###....
x - Iskenderun's Mystic   Conj           ####....     14%         4    ####...

Your spell library contained the following spells:

 Spells                   Type           Power        Failure   Level  Hunger
 Force Lance              Conj/Tloc      ##......     38%         4    ####...
 Fulminant Prism          Conj/Hex       ##........   38%         4    ####...


Dungeon Overview and Level Annotations

Branches:
Dungeon (2/15)

Altars:


Message History

MASSIVE DAMAGE!!
You now have 2/12 mp.
Aim: a gnoll, wielding a +0 flail (almost dead)
You miscast Magic Dart.
You are very lightly contaminated with residual magic.
Strange energies run through your body.
* * * LOW MAGIC WARNING * * *
The gnoll hits you with a +0 flail!
* * * LOW HITPOINT WARNING * * *
You take 8 damage, and have 5/25 hp.
MASSIVE DAMAGE!!
The gnoll shouts!
A dart slug comes into view.
The gnoll closely misses you. The gnoll closely misses you.
Aim: a gnoll, wielding a +0 flail (almost dead)
The magic dart hits the gnoll but does no damage.
* * * LOW MAGIC WARNING * * *
The gnoll hits you with a +0 flail!
You die...

#.## # #..# ##.
...# #..† #..#
#...#####..#
#..........#
.###...#..#
.†###...#.######
w.....#.#..gg@.#
#......)..####.#
.....###..####.#
###.##.......##)#
... #.##..#.##.#
##.##.##.....(.#
#.......##.####
###...####........
#...# #########


You could see 2 gnolls.

Levels and vault maps discovered:
D:1:      zelgadis_glass_arrival_large, layout_basic
D:2:      layout_loops_cross, chequers_ecumenical_altar_island,
          minmay_distorted, uniq_jessica

Notes
Turn   | Place    | Note
-------+----------+-------------------------------------------
     0 | D:1      | lepoulpe303 the Deep Elf Conjurer began the quest for the
                  | Orb.
     0 | D:1      | Reached XP level 1. HP: 10/10 MP: 6/6
    27 | D:1      | Identified a cursed -1 club
   168 | D:1      | Reached XP level 2. HP: 15/15 MP: 4/8
   172 | D:1      | Learned a level 2 spell: Searing Ray
   268 | D:1      | Identified a +0 dagger
   376 | D:1      | Identified a +0 club
   463 | D:1      | Identified a +0 dagger
   497 | D:1      | Identified a +0 dagger
   501 | D:1      | ianfitz1987: whats the massive damage message, i've not
                  | seen that before
   501 | D:1      | lepoulpe303: Its in a rc file with settings for cautious
                  | play
   501 | D:1      | lepoulpe303: You can grab my rc but i don't remember the
                  | url
   501 | D:1      | lepoulpe303: Links are somewhere on the main page iirc
   559 | D:1      | Reached XP level 3. HP: 17/20 MP: 10/10
   564 | D:1      | Learned a level 3 spell: Dazzling Spray
   682 | D:1      | Identified a +0 club
  1022 | D:1      | Identified a +0 club
  1024 | D:1      | Identified a cursed -2 club
  1080 | D:2      | Identified a +0 club
  1080 | D:2      | Identified a +0 spear
  1082 | D:2      | Identified a +0 spear
  1086 | D:2      | Identified a +0 flail
  1089 | D:2      | Identified a +0 dagger
  1222 | D:2      | Identified a +0 short sword
  1226 | D:2      | Found a faded altar of an unknown god.
  1452 | D:2      | Identified a +0 club
  1452 | D:2      | Identified a +0 robe
  1452 | D:2      | Noticed Jessica
  1459 | D:2      | Killed Jessica
  1459 | D:2      | Reached skill level 1 in Fighting
  1459 | D:2      | Reached skill level 3 in Dodging
  1459 | D:2      | Reached skill level 3 in Stealth
  1459 | D:2      | Reached skill level 4 in Spellcasting
  1459 | D:2      | Reached XP level 4. HP: 25/25 MP: 12/12
  1466 | D:2      | Learned a level 4 spell: Iskenderun's Mystic Blast
  1606 | D:2      | Reached skill level 5 in Conjurations
  1675 | D:2      | Identified a +0 dagger
  1685 | D:2      | Identified a cursed +0 leather armour
  1706 | D:2      | HP: 5/25 [gnoll/+0 flail (8)]
  1723 | D:2      | Slain by a gnoll

Table legend:
 A = Turns spent in this place as a percentage of turns spent in the entire game.
 B = Non-inter-level travel turns spent in this place as a percentage of non-inter-level travel turns spent in the entire game.
 C = Inter-level travel turns spent in this place as a percentage of turns spent in this place.
 D = Turns resting spent in this place as a percentage of non-inter-level travel turns spent in this place.
 E = Turns spent auto-exploring this place as a percentage of non-inter-level travel turns spent in this place.
 F = Non-inter-level travel turns spent in this place divided by the number of levels of this place that you've seen.
                   A       B       C       D       E      F
               +-------+-------+-------+-------+-------+----------------------
         Total | 100.0 | 100.0 |   3.3 |  32.4 |  33.7 | 833.0
       Dungeon | 100.0 | 100.0 |   3.3 |  32.4 |  33.7 | 833.0
               +-------+-------+-------+-------+-------+----------------------

Table legend:
 A = Kills in this place as a percentage of kills in entire the game.
 B = Kills by you in this place as a percentage of kills by you in the entire game.
 C = Kills by friends in this place as a percentage of kills by friends in the entire game.
 D = Other kills in this place as a percentage of other kills in the entire game.
 E = Experience gained in this place as a percentage of experience gained in the entire game.
 F = Experience gained in this place divided by the number of levels of this place that you have seen.
                   A       B       C       D       E      F
               +-------+-------+-------+-------+-------+----------------------
         Total | 100.0 | 100.0 |   N/A |   N/A | 100.0 |  78.0
       Dungeon | 100.0 | 100.0 |   N/A |   N/A | 100.0 |  78.0
               +-------+-------+-------+-------+-------+----------------------

Skill      XL: |  1  2  3  4 |
---------------+-------------+-----
Fighting       | 1 |  1.2
Dodging        | 3 |  3.0
Stealth        | 3 |  3.2
Spellcasting   | 4 |  4.1
Conjurations   | 5 |  5.0
Short Blades   | |  0.8

Action                   |  1- 3 |  4- 6 || total
-------------------------+-------+-------++-------
Melee: Dagger            |    67 |    14 ||    81
 Cast: Magic Dart        |    45 |    16 ||    61
       Searing Ray       |     2 |       ||     2
       Iskenderun's Myst |       |     1 ||     1
 Stab: Sleeping          |     7 |     2 ||     9
  Eat: Ration            |     1 |       ||     1
Armor: Robe              |    22 |     1 ||    23
Dodge: Dodged            |    60 |    10 ||    70

Vanquished Creatures
  Jessica (D:2)
  2 gnolls (D:2)
  An adder (D:2)
  An ooze (D:2)
  A worm (D:2)
  A leopard gecko (D:1)
  8 bats
  2 giant cockroaches (D:1)
  6 goblins
  5 hobgoblins
  4 jackals (D:1)
  3 frilled lizards
  3 kobolds
  10 rats
48 creatures vanquished.
